 Dungeon Crawl Stone Soup version 0.24.1-14-gf8d2b509d9 (webtiles) character file.

Game seed: 10283368845200821603, levelgen mode: deterministic

173 Peloso the Shield-Bearer (level 5, -6/47 HPs)
             Began as a Gnoll Fighter on May 16, 2020.
             Mangled by an ogre
             ... wielding a +0 giant spiked club
              (22 damage)
             ... on level 3 of the Dungeon.
             The game lasted 00:06:47 (1765 turns).

Peloso the Shield-Bearer (Gnoll Fighter)            Turns: 1765, Time: 00:06:47

Health: -6/47      AC:  7    Str: 24    XL:     5   Next: 53%
Magic:  7/7        EV:  7    Int: 11    God:
Gold:   149        SH: 11    Dex: 14    Spells: 7/7 levels left

rFire    . . .     SeeInvis .   a - +0 long sword
rCold    . . .     Gourm    .   c - +0 shield
rNeg     . . .     Faith    .   i - +0 chain mail
rPois    .         Spirit   .   (no helmet)
rElec    .         Reflect  .   (no cloak)
rCorr    .         Harm     .   (no gloves)
MR       .....                  (no boots)
Stlth    ..........             (no amulet)
HPRegen  0.15/turn              e - -3 ring of protection (curse)
MPRegen  0.10/turn              (no ring)

@: mighty
A: distributed training, fangs 1, strong nose
a: no special abilities


You were on level 3 of the Dungeon.
You were not hungry.

You visited 1 branch of the dungeon, and saw 3 of its levels.

You collected 149 gold pieces.

Inventory:

Hand Weapons
 a - a +0 long sword (weapon)
Armour
 b - a +0 scale mail
 c - a +0 shield (worn)
 i - a +0 chain mail (worn)
Jewellery
 e - a cursed -3 ring of protection (left hand)
 j - an uncursed amulet of regeneration {unknown}
Scrolls
 g - 2 scrolls of fog
 k - 2 scrolls of teleportation
 m - 2 scrolls of identify {unknown}
 n - a scroll of remove curse {unknown}
 q - a scroll of random uselessness {unknown}
Potions
 d - 2 potions of might
 h - a potion of invisibility {unknown}
 l - 2 potions of mutation {unknown}
 o - a potion of agility {unknown}
 p - a potion of curing {unknown}
Comestibles
 f - 7 rations


   Skills:
 + Level 6.7 Fighting
 + Level 1.5 Short Blades
 + Level 4.8 Long Blades
 + Level 1.5 Axes
 + Level 1.5 Maces & Flails
 + Level 1.5 Polearms
 + Level 1.5 Staves
 + Level 1.5 Slings
 + Level 1.5 Bows
 + Level 1.5 Crossbows
 + Level 1.5 Throwing
 + Level 6.7 Armour
 + Level 1.5 Dodging
 + Level 1.5 Stealth
 + Level 6.7 Shields
 + Level 1.5 Unarmed Combat
 + Level 1.5 Spellcasting
 + Level 1.2 Conjurations
 + Level 1.2 Hexes
 + Level 1.2 Charms
 + Level 1.2 Summonings
 + Level 1.2 Necromancy
 + Level 1.2 Translocations
 + Level 1.2 Transmutations
 + Level 1.2 Fire Magic
 + Level 1.2 Ice Magic
 + Level 1.2 Air Magic
 + Level 1.2 Earth Magic
 + Level 1.2 Poison Magic
 + Level 1.7 Invocations
 + Level 1.5 Evocations


You had 7 spell levels left.
You didn't know any spells.
Your spell library contained the following spells:

 Spells                   Type           Power        Failure   Level  Hunger
 Beastly Appendage        Tmut           #.....       98%         1    ##.....
 Sticks to Snakes         Tmut           #.......     99%         2    ###....
 Spider Form              Tmut/Pois      #.........   100%        3    ####...
 Ice Form                 Ice/Tmut       #.......     100%        4    #####..
 Blade Hands              Tmut           #.........   100%        5    ######.


Dungeon Overview and Level Annotations

Branches:
Dungeon (3/15)

Altars:
Sif Muna
Yredelemnul


Innate Abilities, Weirdness & Mutations

Your experience applies equally to all skills.
You have very sharp teeth.
Your uncanny sense of smell can sniff out nearby items.


Message History

You block the bat's attack. The bat hits you but does no damage.
You miss the bat. You block the bat's attack.
A frilled lizard comes into view.
The ogre hits you with a +0 giant spiked club!
You block the bat's attack.
The frilled lizard hisses angrily.
You hit the bat but do no damage. You block the bat's attack.
You block the ogre's attack.
You feel very mighty all of a sudden. The bat barely misses you.
Your chain mail prevents you from hitting the ogre.
You bite the ogre.
The ogre is lightly wounded.
The bat barely misses you.
The ogre hits you with a +0 giant spiked club!
You barely miss the ogre.
The ogre is lightly wounded.
The ogre hits you with a +0 giant spiked club!!
You die...

.. #.#### ### ##.....###
..# .........# #.# .#
......l..# #.# ..#
.........#####.#####.###
...>...................
........O@b............
∆ .........####.......#
# .........# #.......# #
########## #.......# #
#.......######
#.......##..).
#.......##.###
######.###.# # #)# #.# #


You could see an ogre, a bat and a frilled lizard.

Vanquished Creatures
  An orc priest (D:3)
  A gnoll (D:1)
  3 adders
  2 oozes
  A worm (D:3)
  3 dart slugs
  2 leopard geckos
  5 orcs (D:3)
  A ball python (D:2)
  8 bats
  2 giant cockroaches (D:1)
  8 goblins
  12 hobgoblins
  9 jackals
  10 kobolds
  3 frilled lizards
  8 rats
79 creatures vanquished.

Notes
Turn   | Place    | Note
-------+----------+-------------------------------------------
     0 | D:1      | Peloso the Gnoll Fighter began the quest for the Orb.
     0 | D:1      | Reached XP level 1. HP: 23/23 MP: 1/1
    65 | D:1      | Reached XP level 2. HP: 24/29 MP: 2/2
   206 | D:1      | Reached XP level 3. HP: 35/35 MP: 3/3
   453 | D:1      | Reached skill level 1 in Invocations
   475 | D:1      | Reached skill level 1 in Short Blades
   475 | D:1      | Reached skill level 1 in Axes
   475 | D:1      | Reached skill level 1 in Maces & Flails
   475 | D:1      | Reached skill level 1 in Polearms
   475 | D:1      | Reached skill level 1 in Staves
   475 | D:1      | Reached skill level 1 in Slings
   475 | D:1      | Reached skill level 1 in Bows
   475 | D:1      | Reached skill level 1 in Crossbows
   475 | D:1      | Reached skill level 1 in Throwing
   475 | D:1      | Reached skill level 1 in Dodging
   475 | D:1      | Reached skill level 1 in Stealth
   475 | D:1      | Reached skill level 1 in Unarmed Combat
   475 | D:1      | Reached skill level 1 in Spellcasting
   475 | D:1      | Reached skill level 1 in Evocations
   633 | D:2      | Reached XP level 4. HP: 41/41 MP: 5/5
   700 | D:2      | Found a shimmering blue altar of Sif Muna.
   983 | D:2      | Found a basalt altar of Yredelemnul.
  1020 | D:2      | Reached skill level 1 in Conjurations
  1020 | D:2      | Reached skill level 1 in Hexes
  1020 | D:2      | Reached skill level 1 in Charms
  1020 | D:2      | Reached skill level 1 in Summonings
  1020 | D:2      | Reached skill level 1 in Necromancy
  1020 | D:2      | Reached skill level 1 in Translocations
  1020 | D:2      | Reached skill level 1 in Transmutations
  1020 | D:2      | Reached skill level 1 in Fire Magic
  1020 | D:2      | Reached skill level 1 in Ice Magic
  1020 | D:2      | Reached skill level 1 in Air Magic
  1020 | D:2      | Reached skill level 1 in Earth Magic
  1020 | D:2      | Reached skill level 1 in Poison Magic
  1526 | D:3      | Reached XP level 5. HP: 46/47 MP: 6/6
  1755 | D:3      | Noticed an ogre
  1765 | D:3      | Mangled by an ogre

Levels and vault maps discovered:
D:1:      scummos_arrival_star, layout_rooms, minmay_heptomino_w4
D:2:      layout_basic, nicolae_overflow_crystal_walls,
          lemuel_coloured_pillars_altar, dk_noncrumbling_2,
          hangedman_decor_growths
D:3:      layout_basic

Skill      XL: |  1  2  3  4 |
---------------+-------------+-----
Invocations    | 1 |  1.7
Short Blades   | 1 |  1.5
Axes           | 1 |  1.5
Maces & Flails | 1 |  1.5
Polearms       | 1 |  1.5
Staves         | 1 |  1.5
Slings         | 1 |  1.5
Bows           | 1 |  1.5
Crossbows      | 1 |  1.5
Throwing       | 1 |  1.5
Dodging        | 1 |  1.5
Stealth        | 1 |  1.5
Unarmed Combat | 1 |  1.5
Spellcasting   | 1 |  1.5
Evocations     | 1 |  1.5
Conjurations   | 1 |  1.2
Hexes          | 1 |  1.2
Charms         | 1 |  1.2
Summonings     | 1 |  1.2
Necromancy     | 1 |  1.2
Translocations | 1 |  1.2
Transmutations | 1 |  1.2
Fire Magic     | 1 |  1.2
Ice Magic      | 1 |  1.2
Air Magic      | 1 |  1.2
Earth Magic    | 1 |  1.2
Poison Magic   | 1 |  1.2
Fighting       | |  6.7
Long Blades    | |  4.8
Armour         | |  6.7
Shields        | |  6.7

Action                   |  1- 3 |  4- 6 || total
-------------------------+-------+-------++-------
Melee: Long sword        |   118 |   136 ||   254
       Bite              |    13 |     9 ||    22
  Use: Scroll            |     4 |       ||     4
       Potion            |     1 |     1 ||     2
  Eat: Chunk             |       |     3 ||     3
Armor: Scale mail        |    41 |       ||    41
       Chain mail        |    62 |    66 ||   128
Dodge: Dodged            |    45 |    30 ||    75
Block: Shield            |   125 |    73 ||   198
       Rpst.: Long sword |    16 |     5 ||    21
